 Dungeon Crawl Stone Soup version 0.25-a0-972-g74ed164fb1 (webtiles) character file.

Game seed: 5302936678015426009, levelgen mode: deterministic

38 fiskefarfar the Conjurer (level 3, -5/21 HPs)
             Began as an Octopode Conjurer on May 9, 2020.
             Slain by Natasha (8 damage)
             ... on level 2 of the Dungeon.
             The game lasted 00:13:15 (1649 turns).

fiskefarfar the Conjurer (Octopode Conjurer)        Turns: 1649, Time: 00:13:15

Health: -5/21      AC:  1    Str:  7    XL:     3   Next: 43%
Magic:  5/15       EV: 13    Int: 18    God:
Gold:   31         SH:  0    Dex: 12    Spells: 2/6 levels left

rFire    . . .     SeeInvis .   g - +0 dagger
rCold    + . .     Gourm    .   (no shield)
rNeg     . . .     Faith    .   (helmet restricted)
rPois    .         Spirit   .   (no amulet)
rElec    .         Reflect  .   f - ring of magical power
rCorr    .         Harm     .   e - ring of protection from cold
MR       .....                  (no ring)
Stlth    +++.......             (no ring)
HPRegen  0.07/turn              (no ring)
MPRegen  0.14/turn              (no ring)
                                (no ring)
                                (no ring)

@: very slightly contaminated, slowed, very slow
A: almost no armour, stealthy swim, amphibious, 8 rings, constrict 8, camouflage
1, gelatinous body 1
a: no special abilities


You were on level 2 of the Dungeon.
You were not hungry.

You visited 1 branch of the dungeon, and saw 2 of its levels.

You collected 31 gold pieces.

Inventory:

Hand Weapons
 g - a +0 dagger (weapon)
Missiles
 a - 27 poisoned darts (quivered)
Armour
 h - a +0 tower shield
Jewellery
 e - a ring of protection from cold (right tentacle)
 f - a ring of magical power (left tentacle)
Scrolls
 d - a scroll of teleportation
 j - a scroll of identify
Potions
 c - a potion of haste {unknown}
 i - a potion of curing {unknown}
Comestibles
 b - 2 rations


   Skills:
 + Level 2.3 Dodging
 + Level 3.1 Stealth
 + Level 2.2 Spellcasting
 + Level 4.6 Conjurations
 * Level 0.1 Hexes


You had 2 spell levels left.
You knew the following spells:

 Your Spells              Type           Power        Failure   Level  Hunger
a - Magic Dart            Conj           ###.         2%          1    #......
b - Dazzling Flash        Conj/Hex       ##....       21%         3    ###....

Your spell library contained the following spells:

 Spells                   Type           Power        Failure   Level  Hunger
 Searing Ray              Conj           ###...       4%          2    ##.....
 Fulminant Prism          Conj/Hex       ##........   54%         4    #####..
 Iskenderun's Mystic Bla  Conj/Tloc      ##......     56%         4    #####..


Dungeon Overview and Level Annotations

Branches:
Dungeon (2/15)

Altars:
Yredelemnul

Annotations:
D:2 Natasha


Innate Abilities, Weirdness & Mutations

You cannot wear most types of armour.
You are very stealthy in the water. (Stealth+)
You are amphibious.
You can wear up to eight rings at the same time.
You can use your tentacles to constrict eight enemies at once.
Your skin changes colour to match your surroundings (Stealth+).
Your rubbery body absorbs attacks. (AC +1, EV +1)


Message History

A hobgoblin comes into view.
Natasha mumbles some strange words.
Natasha claws you. Natasha claws you!
Casting: Magic Dart (safe; 2% risk of failure)
Confirm with . or Enter, or press ? or * to list all spells.
The spell is extremely dangerous to cast (21% risk of failure)!
Continue anyway?
Uppercase [Y]es or [N]o only, please.
The spell is extremely dangerous to cast (21% risk of failure)!
Continue anyway?
Uppercase [Y]es or [N]o only, please.
The spell is extremely dangerous to cast (21% risk of failure)!
Continue anyway?
Natasha is dazzled.
Natasha casts a spell at you. The magic dart hits you.
* * * LOW HITPOINT WARNING * * *
Unknown command.
Natasha wildly gestures.
Natasha's front paws start to glow.
Natasha is no longer blind.
Natasha claws you!
You die...

#$.........# #.#
#.....[....# #.#
#..........# #.#
######'##### #.#
#5# #.# #.# #.#
#.# #.#
#.############.##
#.5h@...........#
#################


You could see an iron imp (summoned) and Natasha.

Vanquished Creatures
  An ooze (D:1)
  2 dart slugs (D:1)
  4 leopard geckos (D:1)
  4 goblins (D:1)
  3 hobgoblins (D:1)
  2 jackals (D:2)
  4 bats
  3 frilled lizards (D:1)
  2 rats (D:1)
25 creatures vanquished.

Notes
Turn   | Place    | Note
-------+----------+-------------------------------------------
     0 | D:1      | fiskefarfar the Octopode Conjurer began the quest for the
                  | Orb.
     0 | D:1      | Reached XP level 1. HP: 11/11 MP: 3/3
   254 | D:1      | Reached XP level 2. HP: 17/17 MP: 1/5
   931 | D:1      | Reached XP level 3. HP: 21/21 MP: 6/6
  1588 | D:2      | Learned a level 3 spell: Dazzling Flash
  1628 | D:2      | Found a basalt altar of Yredelemnul.
  1633 | D:2      | Noticed Natasha
  1649 | D:2      | Slain by Natasha

Illustrated notes

Levels and vault maps discovered:
D:1:      mrwooster_arrival_statue, layout_basic, minmay_vboxes
D:2:      layout_basic, chequers_temple_overflow_statue_of_worship,
          first_ration, uniq_natasha

Skill      XL: |  1  2  3 |
---------------+----------+-----
Stealth        | 3 |  3.1
Dodging        | |  2.3
Spellcasting   | |  2.2
Conjurations   | |  4.6
Hexes          | |  0.1

Action                   || total
-------------------------++-------
Melee: Unarmed           ||     3
       Constrict         ||     3
       Dagger            ||     4
Throw: Dart              ||     6
 Cast: Magic Dart        ||    52
       Dazzling Flash    ||     1
  Use: Scroll            ||     3
  Eat: Chunk             ||     3
Armor: Skin              ||     1
Dodge: Dodged            ||     8
Block: Tower shield      ||     1

Table legend:
 A = Non-vault XP
 B = Vault XP
 C = Vault XP percentage of total XP
 D = Non-vault monster count
 E = Vault monster count
 F = Vault count percentage of total count
                 A         B        C        D         E       F
            +---------+---------+-------+---------+---------+-------
      Total |      39 |      16 |  29.1 |      20 |       5 |  20.0
            +---------+---------+-------+---------+---------+-------
        D:1 |      32 |      16 |  33.3 |      16 |       5 |  23.8
        D:2 |       7 |       0 |   0.0 |       4 |       0 |   0.0
            +---------+---------+-------+---------+---------+-------
